 Dungeon Crawl Stone Soup version 0.24.0-125-gc4c63601f3 (webtiles) character file.

Game seed: 4333756055837775401, levelgen mode: deterministic

257 Curus the Cleaver (level 5, 0/67 HPs)
             Began as a Minotaur Monk on Feb 28, 2020.
             Succumbed to a gnoll's poison
             ... on level 4 of the Dungeon.
             The game lasted 00:06:58 (1823 turns).

Curus the Cleaver (Minotaur Monk)                   Turns: 1823, Time: 00:06:59

Health: 0/67       AC: 22    Str: 16    XL:     5   Next: 93%
Magic:  4/4        EV:  2    Int:  7    God:
Gold:   133        SH:  0    Dex: 13    Spells: 4/4 levels left

rFire    . . .     SeeInvis .   a - +1 hand axe
rCold    . . .     Gourm    .   (no shield)
rNeg     + + +     Faith    .   (armour currently unavailable)
rPois    +         Spirit   .   (helmet currently unavailable)
rElec    .         Reflect  .   (cloak currently unavailable)
rCorr    .         Harm     .   (gloves currently unavailable)
MR       .....     NoTele   +   (boots currently unavailable)
Stlth    ++........             (no amulet)
HPRegen  0.21/turn              (no ring)
MPRegen  0.09/turn              (no ring)

@: lethally poisoned (0 -> -1), tree-form
A: (retaliatory headbutt)
a: no special abilities


You were on level 4 of the Dungeon.
You were not hungry.
You were a tree.
You visited 1 branch of the dungeon, and saw 4 of its levels.

You collected 133 gold pieces.

Inventory:

Hand Weapons
 a - a +1 hand axe (weapon)
Armour
 b - a +0 robe
 g - a +0 ring mail
 h - a +0 chain mail (melded)
Jewellery
 d - an uncursed amulet of inaccuracy
Scrolls
 e - 3 scrolls of identify
 j - a scroll of blinking
 k - a scroll of teleportation
 l - a scroll of remove curse
 n - a scroll of amnesia
Comestibles
 c - 5 rations
 m - 2 chunks of flesh


   Skills:
 - Level 3.6 Fighting
 + Level 8.1 Axes
 - Level 3.2 Dodging
 - Level 1.5 Stealth


You had 4 spell levels left.
You didn't know any spells.
Your spell library was empty.

Dungeon Overview and Level Annotations

Branches:
Dungeon (3/15)

Altars:
Nemelex Xobeh
Uskayaw


Innate Abilities, Weirdness & Mutations

((You reflexively headbutt those who attack you in melee.))
((You have a pair of horns on your head.))


Message History

The gnoll hits you but does no damage. The hound bites you but does no damage.
You hit the hound.
You kill the hound!
Your Axes skill increases to level 8!
* * * LOW HITPOINT WARNING * * *
You feel sick. The gnoll hits you but does no damage.
The gnoll hits you but does no damage.
* * * LOW HITPOINT WARNING * * *
You feel sick. The gnoll hits you but does no damage.
The gnoll hits you but does no damage.
* * * LOW HITPOINT WARNING * * *
You feel sick. The gnoll completely misses you.
* * * LOW HITPOINT WARNING * * *
You feel sick. The gnoll hits you but does no damage.
The gnoll hits you but does no damage. The gnoll hits you but does no damage.
* * * LOW HITPOINT WARNING * * *
You feel sick. The gnoll hits you but does no damage.
The gnoll hits you but does no damage.
You die...

.#. ......
..##......
...#......
......... .........
##.g......
###.))......
#...♣)......
##........... ...
#...........##...
###.#####..........
#.#........##......
#.#.###.#...#......
#.#.# #.#[.........
#.#.###.#..........
#.......##.........


You could see a gnoll.

Vanquished Creatures
  A hound (D:4)
  A gnoll shaman (D:4)
  An orc wizard (D:4)
  7 gnolls
  2 adders
  3 worms
  4 dart slugs (D:1)
  3 leopard geckos
  7 orcs
  A giant cockroach (D:1)
  9 goblins
  3 hobgoblins (D:2)
  8 jackals
  4 kobolds
  4 bats
  4 frilled lizards
  4 rats
66 creatures vanquished.

Notes
Turn   | Place    | Note
-------+----------+-------------------------------------------
     0 | D:1      | Curus the Minotaur Monk began the quest for the Orb.
     0 | D:1      | Reached XP level 1. HP: 19/19 MP: 0/0
     6 | D:1      | Noticed a swamp drake
     6 | D:1      | Noticed a hog
     7 | D:1      | Noticed a polar bear
   114 | D:1      | Reached skill level 4 in Axes
   132 | D:1      | Reached XP level 2. HP: 23/26 MP: 1/1
   572 | D:1      | Reached skill level 5 in Axes
   581 | D:1      | Reached XP level 3. HP: 24/31 MP: 2/2
   815 | D:2      | Found a hide-covered altar of Uskayaw.
  1001 | D:2      | Reached skill level 6 in Axes
  1001 | D:2      | Reached XP level 4. HP: 21/39 MP: 3/3
  1354 | D:2      | Found a sparkling altar of Nemelex Xobeh.
  1758 | D:3      | You fall into a shaft and drop 1 floor!
  1761 | D:4      | Reached skill level 7 in Axes
  1761 | D:4      | Reached XP level 5. HP: 40/45 MP: 4/4
  1813 | D:4      | Reached skill level 8 in Axes
  1813 | D:4      | HP: 3/67 [poisoned by a gnoll]
  1818 | D:4      | HP: 1/67 [poisoned by a gnoll]
  1823 | D:4      | Succumbed to a gnoll's poison

Levels and vault maps discovered:
D:1:      onia_arrival_zoo_common, layout_basic, minmay_tromino_v4_a
D:2:      layout_rooms, nicolae_overflow_hidden_temple,
          eat_drink_and_be_merry_uskayaw, first_ration, minmay_circle_x
D:3:      layout_loops_ring, nicolae_tso_carved_into_rock,
          overflow_temple_1_default, fedhas_altar_3, uniq_grinder, uniq_natasha,
          uniq_crazy_yiuf_cottage
D:4:      layout_cave_pools, grunt_temple_overflow_gold_and_silver,
          minmay_temple_entry_sparse_star, serial_shops, shop,
          minmay_misc_feat_encased, nemelex_diamond_rough_becter

Skill      XL: |  1  2  3  4  5 |
---------------+----------------+-----
Axes           | 4 5 6 7 8 |  8.1
Fighting       | |  3.6
Dodging        | |  3.2
Stealth        | |  1.5

Action                   |  1- 3 |  4- 6 || total
-------------------------+-------+-------++-------
Melee: Hand axe          |   114 |    94 ||   208
       Headbutt          |    19 |    11 ||    30
  Use: Scroll            |     5 |     1 ||     6
       Potion            |     2 |     4 ||     6
  Eat: Chunk             |       |     3 ||     3
Armor: Robe              |     6 |       ||     6
       Ring mail         |     8 |       ||     8
       Chain mail        |    44 |    49 ||    93
       Skin              |       |    46 ||    46
Dodge: Dodged            |    79 |    34 ||   113
